| TOP OF THE 1ST |
|
Great Lakes Loons batting - Pitching for Greensboro Grasshoppers : RHP Eric Stevenson
|
|
Pitching: RHP Eric Stevenson
|
|
|
Batting: SHB Hank Arias
|
0-0: Called Strike 0-1: Ball 1-1: Ball 2-1: Ball 3-1: Fly out, F9 (Line Drive, 9, EV 92.5 MPH)
|
|
Batting: RHB Aaron Joseph
|
0-0: SINGLE (Groundball, 6MD, EV 107.5 MPH)
|
|
Batting: LHB Jim Jardine
|
0-0: Called Strike 0-1: Ball Wild Pitch! Aaron Joseph to second 1-1: Ball Wild Pitch! Aaron Joseph to third 2-1: Swinging Strike 2-2: Strikes out looking
|
|
Batting: RHB Eddie Perry
|
0-0: Ball 1-0: Called Strike 1-1: DOUBLE (Flyball, 8LXD, EV 93.8 MPH) Aaron Joseph scores
|
|
Batting: LHB Josh Moore
|
0-0: Ball 1-0: Fly out, F5 (Popup, 6S, EV 66.9 MPH)
|
| Top of the 1st over - 1 run, 2 hits, 0 errors, 1 left on base; Great Lakes 1 - Greensboro 0 |
| BOTTOM OF THE 1ST |
|
Greensboro Grasshoppers batting - Pitching for Great Lakes Loons : RHP Loc Pham
|
|
Pitching: RHP Loc Pham
|
|
|
Batting: RHB Tom Thompson
|
0-0: Called Strike 0-1: Ball 1-1: Foul Ball, location: 2F 1-2: Ball 2-2: Ball 3-2: Ground out 4-3 (Groundball, 4, EV 87.5 MPH)
|
|
Batting: RHB Nate Crofts
|
0-0: Fly out, F9 (Line Drive, 9LM, EV 91.2 MPH)
|
|
Batting: RHB Miguel Velasco
|
0-0: Called Strike 0-1: Ball 1-1: Ball 2-1: Called Strike 2-2: Ball 3-2: Ground out 3-1 (Groundball, 34S, EV 92.5 MPH)
|
| Bottom of the 1st over - 0 runs, 0 hits, 0 errors, 0 left on base; Great Lakes 1 - Greensboro 0 |
| TOP OF THE 2ND |
|
Great Lakes Loons batting - Pitching for Greensboro Grasshoppers : RHP Eric Stevenson
|
|
Batting: RHB Alex Melgoza
|
0-0: Ball 1-0: Ball 2-0: Ball 3-0: Base on Balls
|
|
Batting: SHB Josh Vaill
|
0-0: Ball 1-0: Ball 2-0: Ball 3-0: Called Strike 3-1: SINGLE (Groundball, 34, EV 104.4 MPH) Alex Melgoza to second Runner from 2nd tries for 3rd, SAFE, throw by RF made at trailing runner, OUT! 9-6
|
|
Batting: RHB Mike Kaczor
|
0-0: Ball 1-0: Foul Ball, location: 2F 1-1: Foul Ball, location: 2F 1-2: Foul Ball, location: 2F 1-2: Foul Ball, location: 2F 1-2: Foul Ball, location: 2F 1-2: Ball 2-2: Strikes out looking
|
|
Batting: RHB Ingidayehu Lagat
|
0-0: DOUBLE (Line Drive, 8RXD, EV 105.0 MPH) Alex Melgoza scores
|
|
Batting: SHB Hank Arias
|
0-0: Ball 1-0: Called Strike 1-1: Foul Ball, location: 2F 1-2: Strikes out looking
|
| Top of the 2nd over - 1 run, 2 hits, 0 errors, 1 left on base; Great Lakes 2 - Greensboro 0 |
| BOTTOM OF THE 2ND |
|
Greensboro Grasshoppers batting - Pitching for Great Lakes Loons : RHP Loc Pham
|
|
Batting: LHB Angelo Estrella
|
0-0: Ball 1-0: Called Strike 1-1: Foul Ball, location: 2F 1-2: Ball 2-2: Strikes out swinging
|
|
Batting: RHB Alberto Bravo
|
0-0: Called Strike 0-1: Swinging Strike 0-2: Strikes out looking
|
|
Batting: LHB Ryan Thompson
|
0-0: Ground out 6-3 (Groundball, 6, EV 104.4 MPH)
|
| Bottom of the 2nd over - 0 runs, 0 hits, 0 errors, 0 left on base; Great Lakes 2 - Greensboro 0 |
| TOP OF THE 3RD |
|
Great Lakes Loons batting - Pitching for Greensboro Grasshoppers : RHP Eric Stevenson
|
|
Batting: RHB Aaron Joseph
|
0-0: Swinging Strike 0-1: Ball 1-1: Swinging Strike 1-2: Foul Ball, location: 2F 1-2: Strikes out looking
|
|
Batting: LHB Jim Jardine
|
0-0: Ball 1-0: Ball 2-0: Called Strike 2-1: Ball 3-1: Base on Balls
|
|
Batting: RHB Eddie Perry
|
0-0: Hit by Pitch Jim Jardine to second
|
|
Batting: LHB Josh Moore
|
0-0: Called Strike 0-1: Called Strike 0-2: Strikes out swinging
|
|
Batting: RHB Alex Melgoza
|
0-0: Ball 1-0: Foul Ball, location: 2F 1-1: Ball 2-1: Foul Ball, location: 2F 2-2: Strikes out swinging
|
| Top of the 3rd over - 0 runs, 0 hits, 0 errors, 2 left on base; Great Lakes 2 - Greensboro 0 |
| BOTTOM OF THE 3RD |
|
Greensboro Grasshoppers batting - Pitching for Great Lakes Loons : RHP Loc Pham
|
|
Batting: RHB Nick Dunton
|
0-0: Ball 1-0: Called Strike 1-1: Ball 2-1: Ground out 4-3 (Groundball, 4, EV 109.4 MPH)
|
|
Batting: LHB Jose Cabello
|
0-0: Foul Ball, location: 2F 0-1: Ball 1-1: Foul Ball, location: 2F 1-2: Ball 2-2: Strikes out swinging
|
|
Batting: RHB Dennis Coppolino
|
0-0: Fly out, F8 (Line Drive, 8LM, EV 105.0 MPH)
|
| Bottom of the 3rd over - 0 runs, 0 hits, 0 errors, 0 left on base; Great Lakes 2 - Greensboro 0 |
| TOP OF THE 4TH |
|
Great Lakes Loons batting - Pitching for Greensboro Grasshoppers : RHP Eric Stevenson
|
|
Batting: SHB Josh Vaill
|
0-0: Ground out 3-1 (Groundball, 34, EV 104.4 MPH)
|
|
Batting: RHB Mike Kaczor
|
0-0: Called Strike 0-1: Ball 1-1: Ground out 5-3 (Groundball, 56S, EV 61.2 MPH)
|
|
Batting: RHB Ingidayehu Lagat
|
0-0: Ball 1-0: Foul Ball, location: 2F 1-1: Ball 2-1: Called Strike 2-2: Ground out 5-3 (Groundball, 5, EV 88.8 MPH)
|
| Top of the 4th over - 0 runs, 0 hits, 0 errors, 0 left on base; Great Lakes 2 - Greensboro 0 |
| BOTTOM OF THE 4TH |
|
Greensboro Grasshoppers batting - Pitching for Great Lakes Loons : RHP Loc Pham
|
|
Batting: RHB Tom Thompson
|
0-0: Ball 1-0: Ball 2-0: Ball 3-0: Foul Ball, location: 2F 3-1: Foul Ball, location: 2F 3-2: SINGLE (Line Drive, 5D, EV 95.6 MPH)
|
|
Batting: RHB Nate Crofts
|
Pickoff Play to 1st, Runner tries for 2nd, OUT after rundown. 0-0: Called Strike 0-1: Called Strike 0-2: Ball 1-2: Fly out, F8 (Flyball, 8RM, EV 86.9 MPH)
|
|
Batting: RHB Miguel Velasco
|
0-0: Foul Ball, location: 2F 0-1: Swinging Strike 0-2: Foul Ball, location: 2F 0-2: Strikes out swinging
|
| Bottom of the 4th over - 0 runs, 1 hit, 0 errors, 0 left on base; Great Lakes 2 - Greensboro 0 |
| TOP OF THE 5TH |
|
Great Lakes Loons batting - Pitching for Greensboro Grasshoppers : RHP Eric Stevenson
|
|
Batting: SHB Hank Arias
|
0-0: Ball 1-0: Ground out 4-3 (Groundball, 4M, EV 91.2 MPH)
|
|
Batting: RHB Aaron Joseph
|
0-0: Bunt missed! 0-1: Ball 1-1: Swinging Strike 1-2: Ground out 5-3 (Groundball, 5, EV 85.6 MPH)
|
|
Batting: LHB Jim Jardine
|
0-0: Ball 1-0: Foul Ball, location: 2F 1-1: Called Strike 1-2: Ball 2-2: Ball 3-2: Foul Ball, location: 2F 3-2: Foul Ball, location: 2F 3-2: Strikes out looking
|
| Top of the 5th over - 0 runs, 0 hits, 0 errors, 0 left on base; Great Lakes 2 - Greensboro 0 |
| BOTTOM OF THE 5TH |
|
Greensboro Grasshoppers batting - Pitching for Great Lakes Loons : RHP Loc Pham
|
|
Batting: LHB Angelo Estrella
|
0-0: Called Strike 0-1: Called Strike 0-2: Ball 1-2: Ball 2-2: Ground out 4-3 (Groundball, 4, EV 93.1 MPH)
|
|
Batting: RHB Alberto Bravo
|
0-0: Ball 1-0: Ball 2-0: Foul Ball, location: 2F 2-1: Called Strike 2-2: Ball 3-2: Strikes out swinging
|
|
Batting: LHB Ryan Thompson
|
0-0: Ball 1-0: Ball 2-0: Foul Ball, location: 2F 2-1: Swinging Strike 2-2: Ball 3-2: Base on Balls
|
|
Batting: RHB Nick Dunton
|
0-0: Ball 1-0: Ball 2-0: Ball 3-0: Base on Balls Ryan Thompson to second
|
|
Batting: LHB Jose Cabello
|
0-0: Called Strike 0-1: Ball 1-1: SINGLE (Line Drive, 4D, EV 97.5 MPH) Ryan Thompson to third Nick Dunton to second
|
|
Batting: RHB Dennis Coppolino
|
0-0: Foul Ball, location: 2F 0-1: Foul Ball, location: 2F 0-2: Strikes out swinging
|
| Bottom of the 5th over - 0 runs, 1 hit, 0 errors, 3 left on base; Great Lakes 2 - Greensboro 0 |
| TOP OF THE 6TH |
|
Great Lakes Loons batting - Pitching for Greensboro Grasshoppers : RHP Eric Stevenson
|
|
Batting: RHB Eddie Perry
|
0-0: Called Strike 0-1: Ball 1-1: Ball 2-1: Ball 3-1: Called Strike 3-2: Foul Ball, location: 2F 3-2: Foul Ball, location: 2F 3-2: DOUBLE (Line Drive, 7LD, EV 105.0 MPH)
|
|
Batting: LHB Josh Moore
|
0-0: Ball 1-0: SINGLE (Line Drive, 3D, EV 104.4 MPH) Eddie Perry to third
|
|
Batting: RHB Alex Melgoza
|
0-0: Swinging Strike 0-1: Swinging Strike 0-2: Ball 1-2: Strikes out swinging
|
|
Batting: SHB Josh Vaill
|
0-0: Ball 1-0: Ball 2-0: Grounds into double play, 6-4-3 (Groundball, 6S, EV 86.9 MPH)
|
| Top of the 6th over - 0 runs, 2 hits, 0 errors, 1 left on base; Great Lakes 2 - Greensboro 0 |
| BOTTOM OF THE 6TH |
|
Greensboro Grasshoppers batting - Pitching for Great Lakes Loons : RHP Loc Pham
|
|
Batting: RHB Tom Thompson
|
0-0: Called Strike 0-1: Ground out 1-3 (Groundball, 25, EV 73.1 MPH)
|
|
Batting: RHB Nate Crofts
|
0-0: SINGLE (Groundball, 6MD, EV 107.5 MPH)
|
|
Batting: RHB Miguel Velasco
|
0-0: Foul Ball, location: 2F 0-1: Ball Nate Crofts steals 2nd base 1-1: Swinging Strike 1-2: Strikes out swinging
|
|
Batting: LHB Angelo Estrella
|
0-0: Ball 1-0: Ball 2-0: Ball 3-0: Base on Balls
|
|
Batting: RHB Alberto Bravo
|
0-0: Ball Wild Pitch! Nate Crofts to third Angelo Estrella to second 1-0: Called Strike 1-1: Ball 2-1: Ball 3-1: Called Strike 3-2: Foul Ball, location: 2F 3-2: Foul Ball, location: 2F 3-2: Foul Ball, location: 2F 3-2: SINGLE (Groundball, 4MD, EV 106.9 MPH) Nate Crofts scores Angelo Estrella to third Runner from 3rd tries for Home, SAFE, throw by CF to home
|
|
Pitching: RHP Edwin Vega
|
|
|
Batting: LHB Ryan Thompson
|
0-0: Ball 1-0: Ball 2-0: Ball 3-0: Called Strike 3-1: Base on Balls Alberto Bravo to second
|
|
Batting: RHB Nick Dunton
|
0-0: Ball 1-0: Called Strike 1-1: Foul Ball, location: 2F 1-2: Foul Ball, location: 2F 1-2: Foul Ball, location: 2F 1-2: Strikes out swinging
|
| Bottom of the 6th over - 2 runs, 2 hits, 0 errors, 2 left on base; Great Lakes 2 - Greensboro 2 |
| TOP OF THE 7TH |
|
Great Lakes Loons batting - Pitching for Greensboro Grasshoppers : RHP Eric Stevenson
|
|
Batting: RHB Mike Kaczor
|
0-0: Ground out 5-3 (Groundball, 5, EV 81.9 MPH)
|
|
Batting: RHB Ingidayehu Lagat
|
0-0: Called Strike 0-1: Ball 1-1: Called Strike 1-2: Strikes out swinging
|
|
Batting: SHB Hank Arias
|
0-0: Swinging Strike 0-1: Swinging Strike 0-2: Ball 1-2: Foul Ball, location: 2F 1-2: Foul Ball, location: 2F 1-2: Strikes out swinging
|
| Top of the 7th over - 0 runs, 0 hits, 0 errors, 0 left on base; Great Lakes 2 - Greensboro 2 |
| BOTTOM OF THE 7TH |
|
Greensboro Grasshoppers batting - Pitching for Great Lakes Loons : RHP Edwin Vega
|
|
Batting: LHB Jose Cabello
|
0-0: Fly out, F7 (Flyball, 7S, EV 91.2 MPH)
|
|
Batting: RHB Dennis Coppolino
|
0-0: Called Strike 0-1: Foul Ball, location: 2F 0-2: Foul Ball, location: 2F 0-2: Strikes out swinging
|
|
Batting: RHB Tom Thompson
|
0-0: SINGLE (Groundball, 6D, EV 100.0 MPH)
|
|
Batting: RHB Nate Crofts
|
0-0: Ball Tom Thompson steals 2nd base 1-0: Ground out 6-3 (Groundball, 56D, EV 105.6 MPH)
|
| Bottom of the 7th over - 0 runs, 1 hit, 0 errors, 1 left on base; Great Lakes 2 - Greensboro 2 |
| TOP OF THE 8TH |
|
Great Lakes Loons batting - Pitching for Greensboro Grasshoppers : RHP Eric Stevenson
|
|
Pitching: RHP Bill Padgett
|
|
|
Batting: RHB Aaron Joseph
|
0-0: Ground out 4-3 (Groundball, 4, EV 76.2 MPH)
|
|
Batting: LHB Jim Jardine
|
0-0: Called Strike 0-1: Fly out, F8 (Flyball, 8LD, EV 80.0 MPH)
|
|
Batting: RHB Eddie Perry
|
0-0: Called Strike 0-1: Ball 1-1: Swinging Strike 1-2: Ball 2-2: Fly out, F7 (Flyball, 7S, EV 76.9 MPH)
|
| Top of the 8th over - 0 runs, 0 hits, 0 errors, 0 left on base; Great Lakes 2 - Greensboro 2 |
| BOTTOM OF THE 8TH |
|
Greensboro Grasshoppers batting - Pitching for Great Lakes Loons : RHP Edwin Vega
|
|
Pitching: RHP Chris Close
|
|
|
Batting: RHB Miguel Velasco
|
0-0: Called Strike 0-1: Ball 1-1: Ball 2-1: Swinging Strike 2-2: Fly out, F8 (Flyball, 8LD, EV 107.5 MPH)
|
|
Batting: LHB Angelo Estrella
|
0-0: Foul Ball, location: 2F 0-1: Swinging Strike 0-2: Foul Ball, location: 2F 0-2: Strikes out swinging
|
|
Batting: RHB Alberto Bravo
|
0-0: Foul Ball, location: 2F 0-1: Swinging Strike 0-2: Ball 1-2: Strikes out swinging
|
| Bottom of the 8th over - 0 runs, 0 hits, 0 errors, 0 left on base; Great Lakes 2 - Greensboro 2 |
| TOP OF THE 9TH |
|
Great Lakes Loons batting - Pitching for Greensboro Grasshoppers : RHP Bill Padgett
|
|
Pitching: RHP Adam Brown
|
|
|
Batting: LHB Josh Moore
|
0-0: Reached on error, E4 (Groundball, 4, EV 83.8 MPH)
|
|
Batting: RHB Alex Melgoza
|
0-0: Called Strike 0-1: Foul Ball, location: 2F 0-2: Ground out 6-3 (Groundball, 56, EV 96.2 MPH)
|
|
Batting: SHB Josh Vaill
|
0-0: Called Strike 0-1: Ball 1-1: Ball 2-1: Ball 3-1: Foul Ball, location: 2F 3-2: Strikes out swinging
|
|
Pinch Hitting: SHB Danny Jensen
|
0-0: Intentional Walk
|
|
Batting: RHB Ingidayehu Lagat
|
0-0: Ball 1-0: Ball 2-0: Foul Ball, location: 2F 2-1: Foul Ball, location: 2F 2-2: Ball 3-2: Foul Ball, location: 2F 3-2: Foul Ball, location: 2F 3-2: Ground out 5-3 (Groundball, 56, EV 85.6 MPH)
|
| Top of the 9th over - 0 runs, 0 hits, 1 error, 2 left on base; Great Lakes 2 - Greensboro 2 |
| BOTTOM OF THE 9TH |
|
Greensboro Grasshoppers batting - Pitching for Great Lakes Loons : RHP Chris Close
|
|
Now at C: Danny Jensen
|
|
|
Batting: LHB Ryan Thompson
|
0-0: Ball 1-0: Ball 2-0: Swinging Strike 2-1: Swinging Strike 2-2: Strikes out looking
|
|
Batting: RHB Nick Dunton
|
0-0: Called Strike 0-1: Swinging Strike 0-2: Ball 1-2: Strikes out looking
|
|
Batting: LHB Jose Cabello
|
0-0: Called Strike 0-1: Called Strike 0-2: Ball 1-2: Ball 2-2: Strikes out swinging
|
| Bottom of the 9th over - 0 runs, 0 hits, 0 errors, 0 left on base; Great Lakes 2 - Greensboro 2 |
| TOP OF THE 10TH |
|
Great Lakes Loons batting - Pitching for Greensboro Grasshoppers : RHP Adam Brown
|
|
Batting: SHB Hank Arias
|
0-0: Ball 1-0: Ball 2-0: Ball 3-0: Swinging Strike 3-1: Base on Balls
|
|
Batting: RHB Aaron Joseph
|
0-0: Ball 1-0: Called Strike 1-1: Bunt missed! 1-2: Ball 2-2: SINGLE (Groundball, 56D, EV 110.0 MPH) Hank Arias to second
|
|
Batting: LHB Jim Jardine
|
0-0: Foul Ball, location: 2F 0-1: Ball 1-1: Ball 2-1: Foul Ball, location: 2F 2-2: Strikes out swinging
|
|
Batting: RHB Eddie Perry
|
0-0: Fly out, F8 (Line Drive, 8LD, EV 110.0 MPH)
|
|
Batting: LHB Josh Moore
|
0-0: Foul Ball, location: 2F 0-1: Ball 1-1: SINGLE (Groundball, 4D, EV 105.0 MPH) Hank Arias to third Aaron Joseph to second Runner from 3rd tries for Home, SAFE, throw by RF to home Aaron Joseph to third Josh Moore to second
|
|
Batting: RHB Alex Melgoza
|
0-0: Fly out, F6 (Line Drive, 6, EV 66.9 MPH)
|
| Top of the 10th over - 1 run, 2 hits, 0 errors, 2 left on base; Great Lakes 3 - Greensboro 2 |
| BOTTOM OF THE 10TH |
|
Greensboro Grasshoppers batting - Pitching for Great Lakes Loons : RHP Chris Close
|
|
Now at 1B: Alex Melgoza
|
|
|
Now in LF: Ramon Vega
|
|
|
Now in RF: Juan Gallardo
|
|
|
Pinch Hitting: LHB Ryan Karg
|
0-0: Called Strike 0-1: Ball 1-1: Ball 2-1: Swinging Strike 2-2: Foul Ball, location: 2F 2-2: Strikes out swinging
|
|
Batting: RHB Tom Thompson
|
0-0: Called Strike 0-1: Fly out, F7 (Flyball, 78D, EV 103.1 MPH)
|
|
Batting: RHB Nate Crofts
|
0-0: Ball 1-0: SINGLE (Groundball, 4S, EV 72.5 MPH) (infield hit)
|
|
Batting: RHB Miguel Velasco
|
0-0: Foul Ball, location: 2F 0-1: Swinging Strike 0-2: Strikes out swinging
|
| Bottom of the 10th over - 0 runs, 1 hit, 0 errors, 1 left on base; Great Lakes 3 - Greensboro 2 |
|